 Dungeon Crawl Stone Soup version 0.28-a0-1143-gcf6077d4cc (webtiles) character file.

Game seed: 980246974189808442

37 SensoryNuts the Slasher (level 3, -9/27 HPs)
             Began as a Demonspawn Gladiator on Dec 13, 2021.
             Killed by nerve-wracking pain
             ... invoked by Jessica
              (14 damage)
             ... on level 2 of the Dungeon.
             The game lasted 00:00:49 (1448 turns).

SensoryNuts the Slasher (Demonspawn Gladiator)      Turns: 1448, Time: 00:00:49

Health: -9/27      AC:  5    Str: 16    XL:     3   Next: 23%
Magic:  3/3        EV: 12    Int:  9    God:
Gold:   38         SH:  0    Dex: 14    Spells: 2/2 levels left

rFire   . . .      SeeInvis .   a - +0 long sword
rCold   . . .      Faith    .   (no shield)
rNeg    . . .      Spirit   .   b - +0 leather armour
rPois   .          Reflect  .   (helmet restricted)
rElec   .          Harm     .   (no cloak)
rCorr   .          Rampage  .   (no gloves)
Will    .....                   (no boots)
Stlth   +.........              (no amulet)
HPRegen 0.09/turn               (no ring)
MPRegen 0.08/turn               (no ring)

@: slowed, very slow
A: horns 1, yellow scales 1
a: no special abilities


You were on level 2 of the Dungeon.
You visited 1 branch of the dungeon, and saw 2 of its levels.

You collected 38 gold pieces.

Inventory:

Hand Weapons
 a - a +0 long sword (weapon)
Missiles
 d - 3 throwing nets (quivered)
Armour
 b - a +0 leather armour (worn)
 c - a +0 helmet
Scrolls
 e - a scroll of teleportation {unknown}
 f - a scroll of summoning {unknown}
 g - a scroll of identify {unknown}
 h - a scroll of noise {unknown}
Potions
 i - a potion of lignification {unknown}
 j - a potion of might {unknown}


   Skills:
 + Level 2.1 Fighting
 + Level 3.4 Long Blades
 + Level 2.0 Throwing
 + Level 0.2 Armour
 + Level 3.1 Dodging


You had 2 spell levels left.
You didn't know any spells.
Your spell library contained the following spells:

 Spells                   Type           Power      Damage    Failure   Level
 Gell's Gravitas          Tloc           0%         N/A       83%         3
 Lesser Beckoning         Tloc           0%         N/A       83%         3
 Teleport Other           Tloc           0%         N/A       83%         3


Dungeon Overview and Level Annotations

Branches:
Dungeon (2/15)

Altars:

Annotations:
D:2 Jessica


Innate Abilities, Weirdness & Mutations

You have a pair of small horns on your head.
You are partially covered in yellow scales. (AC +2)


Message History

Found a stone staircase leading down.
Jessica is nearby!
Jessica is nearby!
Jessica is nearby!
Jessica shouts!
Jessica gestures wildly.
Jessica mumbles some strange words.
Jessica blinks!
Jessica hits you with a +0 dagger.
You completely miss Jessica. Jessica hits you with a +0 dagger.
You hit Jessica.
Jessica is lightly wounded.
Jessica hits you but does no damage.
You barely miss Jessica.
Jessica is lightly wounded.
Jessica points at you and mumbles some strange words.
You feel yourself slow down. Jessica gestures at you while chanting.
Pain shoots through your body!
You are too injured to fight recklessly!
You are too injured to fight recklessly!
You are too injured to fight recklessly!
You are too injured to fight recklessly!
You are too injured to fight recklessly!
You are too injured to fight recklessly!
You are too injured to fight recklessly!
You are too injured to fight recklessly!
You are too injured to fight recklessly!
Jessica is nearby!
Unknown command.
You slash Jessica!
Jessica is almost dead.
Jessica hits you with a +0 dagger.
* * * LOW HITPOINT WARNING * * *
You barely miss Jessica. You headbutt Jessica, but do no damage.
Jessica is almost dead.
Jessica casts a spell at you. Pain shoots through your body!
Ouch! That really hurt!
You die...

#### ##########
#########... #........##
##.........##
.....>....###..#########
........@@....## ####
..........##### ....
...>..###.... .##.
#....# #...... ....
###.# #....... .... ##
#....... ##.. ≈.......
.... #....... .### #


You could see Jessica.

Vanquished Creatures
  An adder (D:2)
  2 dart slugs (D:1)
  2 ball pythons (D:1)
  An endoplasm (D:1)
  3 giant cockroaches
  2 goblins (D:1)
  2 hobgoblins (D:1)
  3 kobolds (D:1)
  A quokka (D:2)
  A bat (D:1)
  4 rats (D:1)
22 creatures vanquished.

Notes
Turn   | Place    | Note
-------+----------+-------------------------------------------
     0 | D:1      | SensoryNuts the Demonspawn Gladiator began the quest for
                  | the Orb.
     0 | D:1      | Reached XP level 1. HP: 16/16 MP: 1/1
   116 | D:1      | Gained mutation: You are partially covered in yellow
                  | scales. (AC +2) [demonic ancestry]
   116 | D:1      | Reached XP level 2. HP: 8/22 MP: 2/2
  1398 | D:2      | Gained mutation: You have a pair of small horns on your
                  | head. [demonic ancestry]
  1398 | D:2      | Reached XP level 3. HP: 27/27 MP: 3/3
  1439 | D:2      | Noticed Jessica
  1448 | D:2      | Killed from afar by Jessica

Illustrated notes

Levels and vault maps discovered:
D:1:      dpeg_arrival_tiny_a, layout_rooms, serial_co_window_serial,
          co_window_paths_a, co_window_paths_a, co_window_of_opportunity_a,
          co_window_of_opportunity_a, co_window_paths_a, co_window_broadway_b,
          co_window_broadway_c, co_window_broadway_c, chequers_hall_statues_y,
          minivault_4
D:2:      layout_rooms, shapermc_ecumenical_altar_hornbeckon,
          uniq_crazy_yiuf_cottage, uniq_natasha, uniq_jessica

Skill      XL: |  1  2 |
---------------+-------+-----
Long Blades    | 3 |  3.4
Dodging        | 3 |  3.1
Throwing       | 2 |  2.0
Fighting       | |  2.1
Armour         | |  0.2

Action                   || total
-------------------------++-------
Melee: Long sword        ||    75
       Headbutt          ||     2
Armor: Leather armour    ||    22
Dodge: Dodged            ||    42

Table legend: (Time is in decaauts)
 A = Elapsed time spent in this place.
 B = Non-inter-level travel time spent in this place.
 C = Inter-level travel time spent in this place.
 D = Time resting spent in this place.
 E = Time spent auto-exploring this place.
 F = Levels seen in this place.
 G = Mean time per level.
                   A        B        C        D        E       F      G
               +--------+--------+--------+--------+--------+-----+--------+
         Total |   1467 |   1467 |      0 |      0 |   1280 |   2 |  733.5 |
       Dungeon |   1467 |   1467 |      0 |      0 |   1280 |   2 |  733.5 |
               +--------+--------+--------+--------+--------+-----+--------+

Top non-repeatable levels by time:
     D:1: 1398 daAuts
     D:2: 68 daAuts
